 Dungeon Crawl Stone Soup version 0.28.0-53-g5a82cb258f (webtiles) character file.

Game seed: 3272548626284278977

34 Soupy the Skirmisher (level 3, -6/51 HPs)
             Began as a Minotaur Berserker on July 27, 2022.
             Was a Follower of Trog.
             Mangled by Sigmund
             ... wielding a +0 scythe
              (10 damage)
             ... on level 2 of the Dungeon.
             The game lasted 00:10:35 (1272 turns).

Soupy the Skirmisher (Minotaur Berserker)           Turns: 1272, Time: 00:10:36

Health: -6/51      AC:  2    Str: 23    XL:     3   Next: 14%
Magic:  2/2        EV: 12    Int:  4    God:    Trog [*.....]
Gold:   44         SH:  0    Dex:  9    Spells: 2/2 levels left

rFire   . . .      SeeInvis .   a - +0 mace
rCold   . . .      Faith    .   (no shield)
rNeg    . . .      Spirit   .   b - +0 animal skin
rPois   .          Reflect  .   (helmet restricted)
rElec   .          Harm     .   (no cloak)
rCorr   .          Rampage  .   (no gloves)
Will    .....                   (no boots)
Stlth   ..........              (no amulet)
HPRegen 0.17/turn               (no ring)
MPRegen 0.08/turn               (no ring)

@: berserking (expiring), very quick
A: horns 2, retaliatory headbutt
a: Renounce Religion, Berserk


You were on level 2 of the Dungeon.
You worshipped Trog.
Trog was aware of your devotion.
You visited 1 branch of the dungeon, and saw 2 of its levels.

You collected 44 gold pieces.

Inventory:

Hand Weapons
 a - a +0 mace (weapon)
 e - a +0 dagger
Missiles
 c - 25 stones
 f - 2 throwing nets
 g - 4 javelins (quivered)
Armour
 b - a +0 animal skin (worn)
 h - a +0 ring mail
 i - a +0 scale mail
Scrolls
 d - 4 scrolls of identify {unknown}
 k - a scroll of fear {unknown}
 l - 2 scrolls of teleportation {unknown}
 m - a scroll of blinking {unknown}
Potions
 j - a potion of flight {unknown}


   Skills:
 + Level 4.5 Fighting
 * Level 4.1 Maces & Flails
 + Level 2.4 Armour
 + Level 2.6 Dodging


You had 2 spell levels left.
You didn't know any spells.
Your spell library contained the following spells:

 Spells                   Type           Power      Damage    Failure   Level
 Ignite Poison            Fire/Tmut/Pois 0%         N/A       86%         3
 Mephitic Cloud           Conj/Pois/Air  0%         N/A       86%         3
 Freezing Cloud           Conj/Ice/Air   0%         6-21      100%        5


Dungeon Overview and Level Annotations

Branches:
Dungeon (2/15)

Altars:

Annotations:
D:2 Sigmund


Innate Abilities, Weirdness & Mutations

You have a pair of horns on your head.
You reflexively headbutt those who attack you in melee.


Message History

There is an open door here.
A bat comes into view.
The bat barely misses you.
You closely miss the bat. You headbutt the bat, but do no damage.
The bat barely misses you. The bat hits you but does no damage.
You hit the bat but do no damage. The bat hits you but does no damage.
The bat misses you.
You sock the bat!
You kill the bat!
Trog accepts your kill.
Sigmund shouts!
A rat comes into view.
Sigmund drinks a potion.
Sigmund seems to speed up.
Sigmund casts a spell at you. You resist with significant effort.
Sigmund gestures at you while chanting. The magic dart hits you.
Sigmund casts a spell.
Sigmund flickers and vanishes!
Deactivating autopickup; reactivate with Ctrl-A.
A puff of flame appears from out of thin air!
The puff of flame hits you!
A puff of flame appears from out of thin air!
The puff of flame misses you.
Something tries to affect you, but you resist.
A puff of flame appears from out of thin air!
The puff of flame hits you!
Okay, then.
A red film seems to cover your vision as you go berserk!
You feel yourself moving faster!
You feel mighty!
You feel a strong urge to attack something.
Something hits you. Something hits you!
* * * LOW HITPOINT WARNING * * *
You sock something! Something hits you.
* * * LOW HITPOINT WARNING * * *
The rat bites you.
* * * LOW HITPOINT WARNING * * *
You barely miss something. Something hits you!
You die...

########## ### .......... #..
##.####### #.# #.# #.# ##### #.#
#.# #...# #.# #.# #...# #
##.#########.####r..#######.#####
................@................
##.#####......########...........
.>.....'...............#....##...
#..#.###......#######..#........#
...#..######+## #..#.....## #
..###.# ...'....... ......#
##..#.....##. ....... #..####....
..###.## #..# ..##


You could see a rat.

Vanquished Creatures
  An adder (D:2)
  2 ball pythons (D:1)
  2 endoplasms (D:1)
  3 giant cockroaches
  3 goblins
  4 jackals (D:1)
  2 bats
  A frilled lizard (D:1)
  5 kobolds (D:1)
23 creatures vanquished.

Notes
Turn   | Place    | Note
-------+----------+-------------------------------------------
     0 | D:1      | Soupy the Minotaur Berserker began the quest for the Orb.
     0 | D:1      | Reached XP level 1. HP: 19/19 MP: 0/0
   440 | D:1      | Reached XP level 2. HP: 27/27 MP: 1/1
   959 | D:2      | Noticed Sigmund
  1076 | D:2      | Reached XP level 3. HP: 24/34 MP: 2/2
  1272 | D:2      | Mangled by Sigmund

Illustrated notes

Levels and vault maps discovered:
D:1:      lemuel_arrival_lava_pool, layout_loops_ring,
          chequers_serial_rivers_marsh, minmay_misc_feat_columns,
          dk_noncrumbling_4
D:2:      layout_basic, uniq_sigmund

Skill      XL: |  1  2 |
---------------+-------+-----
Maces & Flails | 4 |  4.1
Fighting       | 4 |  4.5
Armour         | |  2.4
Dodging        | |  2.6

Action                   || total
-------------------------++-------
Melee: Mace              ||    48
       Headbutt          ||     7
       Punch             ||     1
Throw: Stone             ||     6
Invok: Berserk           ||     1
Armor: Animal skin       ||     7
Dodge: Dodged            ||    40
